 Dungeon Crawl Stone Soup version 0.14-a0-817-g3f7b0b1 (webtiles) character file.

147 4tharraofdagon the Slasher (level 3, -2/27 HPs)
             Began as a Djinni Gladiator on Nov 12, 2013.
             Slain by a worker ant (6 damage)
             ... on Level 5 of the Dungeon.
             The game lasted 00:02:28 (797 turns).

4tharraofdagon the Slasher (Djinni Gladiator)        Turns: 797, Time: 00:02:29

HP  -2/27        AC  7     Str 21      XL: 3   Next: 85%
MP   0/0         EV 10     Int  8      God:
Gold 85          SH  0     Dex 13      Spells:  0 memorised,  2 levels left

Res.Fire  : + + +   See Invis. : .   a - +0 falchion
Res.Cold  : . . .   Warding    : .   q - +1 orc ring mail {rC+}
Life Prot.: + + +   Conserve   : .   (no shield)
Res.Poison: .       Res.Corr.  : .   c - +0 helmet
Res.Elec. : .       Clarity    : .   (no cloak)
Sust.Abil.: . .     Spirit.Shd : .   (no gloves)
Res.Mut.  : .       Stasis     : .   (boots unavailable)
Res.Rott. : .       Flight     : +   (no amulet)
Saprovore : . . .                    (no ring)
                                     (no ring)

@: mighty, flying, mildly poisoned, not resistant to hostile enchantments, very
unstealthy
A: fire immunity, cold vulnerability, life protection 3
a: no special abilities


You were on level 5 of the Dungeon.
You were not hungry.

You visited 1 branch of the dungeon, and saw 5 of its levels.

You collected 85 gold pieces.

Inventory:

Hand weapons
 a - a +0,+0 falchion (weapon)
Missiles
 d - a throwing net [frayed]
 g - a throwing net (quivered)
 j - a throwing net [torn]
Armour
 b - a +0 leather armour
 c - a +0 helmet (worn)
 q - a +1 orcish ring mail of cold resistance (worn)
Magical devices
 m - a wand of fire (8)
Scrolls
 f - 2 scrolls of curse armour {unknown}
 h - 3 scrolls of identify {unknown}
 i - a scroll of noise {unknown}
 n - 2 scrolls of teleportation {unknown}
 o - a scroll of enchant weapon I {unknown}
 p - a scroll of fog {unknown}
Jewellery
 e - an uncursed ring of protection from fire {unknown}
Potions
 k - a potion of might
 l - a potion of curing {unknown}


   Skills:
 + Level 2.1 Fighting
 * Level 4.4 Long Blades
 - Level 1.7 Throwing
 + Level 1.0 Armour
 - Level 2.6 Dodging
 + Level 0.0 Evocations


You had 2 spell levels left.
You didn't know any spells.

Dungeon Overview and Level Annotations

Branches:
Dungeon (5/27)
 Temple: D:4-7

Altars:
Fedhas
Kikubaaqudgha


Innate Abilities, Weirdness & Mutations

You are immune to all types of fire, even holy and hellish.
You are vulnerable to cold.
You need no food.
You have no legs.
You are immune to negative energy.


Message History

There is an open door here.
Found an encrusted bone ring.
A goblin comes into view.
Evoke which item? (* to show all) (? for menu, Esc to quit)
Zapping:
m - a wand of fire {zapped: 1}
Press: ? - help, Shift-Dir - straight line, f - worker ant
Aim: a worker ant The bolt of fire hits the worker ant.
The worker ant is severely wounded.
The bolt of fire misses the iguana.
The worker ant bites you.
* * * LOW HITPOINT WARNING * * *
You are poisoned.
The worker ant poisons you!
The goblin wields a sling.
The goblin shoots a sling bullet.
The sling bullet misses you.
Drink which item? (? for menu, Esc to quit)
Okay, then.
Drink which item? (? for menu, Esc to quit)
You feel very mighty all of a sudden.
It was a potion of might.
The worker ant bites you.
You die...

##...##
##⌠.<.⌠##
#.......#
#.>.§.<.#
#.......#
##⌠...⌠## .
##.l.## ...
##a##g...=.
#@........
###?......
######


You could see an iguana, a worker ant and a goblin.

Vanquished Creatures
  3 adders
  A giant gecko (D:3)
  6 orcs
  A giant cockroach (D:2)
  2 hobgoblins (D:3)
  2 jackals (D:1)
  4 kobolds (D:3)
  2 bats (D:1)
  3 giant newts
  4 goblins
  A rat (D:3)
29 creatures vanquished.

Notes
Turn   | Place    | Note
--------------------------------------------------------------
     0 | D:1      | 4tharraofdagon, the Djinni Gladiator, began the quest for the Orb.
     0 | D:1      | Reached XP level 1. HP: 15/15 MP: 0/0
   114 | D:1      | Reached XP level 2. EP: 7/21
   241 | D:3      | Reached XP level 3. EP: 25/27
   274 | D:3      | Reached skill level 4 in Long Blades
   412 | D:3      | Reached skill level 1 in Armour
   465 | D:3      | Found a blossoming altar of Fedhas.
   466 | D:3      | Found an ancient bone altar of Kikubaaqudgha.
   634 | D:5      | Entered Level 5 of the Dungeon
   797 | D:5      | Slain by a worker ant

Action                   || total
-------------------------++-------
Melee: Falchion          ||   125
Throw: Throwing net      ||     6
Evoke: Wand              ||     2
  Use: Potion            ||     3
 Stab: Held in net/web   ||     1
